 Dungeon Crawl Stone Soup version 0.22.1 (webtiles) character file.

1655 IceCat the Cleaver (level 9, 0/68 HPs)
             Began as a Formicid Abyssal Knight on Sept 18, 2018.
             Was an Elder of Lugonu.
             Slain by a killer bee (5 damage)
             ... on level 6 of the Dungeon.
             The game lasted 00:16:41 (6393 turns).

IceCat the Cleaver (Formicid Abyssal Knight)        Turns: 6393, Time: 00:16:42

Health: 0/68       AC:  9    Str: 20    XL:     9   Next: 20%
Magic:  12/12      EV: 11    Int: 12    God:    Lugonu [****..]
Gold:   64         SH:  0    Dex: 10    Spells: 8/8 levels left

rFire    . . .     SeeInvis +   A - +0 war axe
rCold    . . .     Gourm    .   (no shield)
rNeg     . . .     Faith    .   b - +1 ring mail of Sojal {rElec Regen+}
rPois    .         Spirit   .   (helmet unavailable)
rElec    +         Reflect  .   n - +1 cloak
rCorr    .         Harm     .   (no gloves)
MR       .....                  (no boots)
Stlth    ..........             (no amulet)
HPRegen  0.61/turn              H - ring of flight
MPRegen  0.13/turn              (no ring)

@: lethally poisoned (0 -> 0)
A: permanent stasis, dig shafts and tunnels, four strong arms, antennae 3
a: Dig, Shaft Self, Depart the Abyss, Bend Space, Banish, Corrupt, Renounce
Religion, Evoke Flight


You were on level 6 of the Dungeon.
You worshipped Lugonu.
Lugonu was greatly pleased with you.
You were not hungry.

You visited 2 branches of the dungeon, and saw 8 of its levels.
You visited the Abyss 1 time.

You collected 368 gold pieces.
You spent 304 gold pieces at shops.

Inventory:

Hand Weapons
 a - a +1 hand axe
 h - a +0 hand axe of electrocution
 A - a +0 war axe (weapon)
Missiles
 x - 7 tomahawks (quivered)
 D - 4 poisoned tomahawks
Armour
 b - the +1 ring mail of Sojal (worn) {rElec Regen+}
   (You bought it in a shop on level 6 of the Dungeon)

   It insulates you from electricity.
   It increases your rate of regeneration.
 n - a +1 cloak (worn)
 t - a +1 chain mail of cold resistance
 v - a cursed +0 leather armour
 w - a +2 ring mail of cold resistance
 F - a +0 plate armour
Jewellery
 H - a ring of flight (left hand)
 I - an uncursed amulet of faith
Wands
 l - a wand of digging (10)
 o - a wand of enslavement (11)
Scrolls
 d - 3 scrolls of amnesia {unknown}
 e - 2 scrolls of immolation {unknown}
 f - a scroll of blinking {unknown}
 g - 9 scrolls of identify
 i - 3 scrolls of teleportation {unknown}
 j - 4 scrolls of remove curse {unknown}
 k - 4 scrolls of fog {unknown}
 m - a scroll of noise {unknown}
 y - a scroll of enchant weapon {unknown}
 B - a scroll of magic mapping {unknown}
 C - a scroll of fear {unknown}
 E - a scroll of vulnerability {unknown}
Potions
 p - a potion of resistance {unknown}
 q - a potion of haste
 r - a potion of brilliance
 s - a potion of invisibility {unknown}
 u - 3 potions of cancellation {unknown}
 z - 3 potions of curing
 G - a potion of flight
Comestibles
 c - 15 rations


   Skills:
 + Level 5.4 Fighting
 * Level 8.1 Axes
 + Level 1.9 Throwing
 + Level 5.3 Armour
 + Level 1.6 Dodging
 * Level 5.2 Invocations


You had 8 spell levels left.
You didn't know any spells.
Your spell library contained the following spells:

 Spells                   Type           Power        Failure   Level  Hunger
 Magic Dart               Conj           #...         47%         1    ##.....
 Call Imp                 Summ           #.......     63%         2    ###....
 Slow                     Hex            #.......     63%         2    ###....
 Conjure Flame            Conj/Fire      #.......     85%         3    ####...
 Mephitic Cloud           Conj/Pois/Air  #.......     85%         3    ####...
 Blink                    Tloc           Unusable     N/A         2    N/A

Dungeon Overview and Level Annotations

Branches:
Dungeon (7/15)             Temple (1/1) D:4

Altars:
Ashenzari
Cheibriados
Dithmenos
Elyvilon
Fedhas
Gozag
Hepliaklqana
Kikubaaqudgha
Makhleb
Nemelex Xobeh
Okawaru
Qazlal
Ru
Sif Muna
Trog
Vehumet
Wu Jian
Xom
Yredelemnul
Zin
The Shining One

Shops:
D:6 *[[}!


Innate Abilities, Weirdness & Mutations

You cannot be hasted, slowed, berserked, paralysed or teleported.
You can dig through walls and to a lower floor.
Your four strong arms can wield two-handed weapons with a shield.
You have a pair of large antennae on your head. (SInv)


Message History

The killer bee is moderately wounded.
You feel sick. The killer bee stings you.
* * * LOW HITPOINT WARNING * * *
The killer bee misses you. The killer bee barely misses you.
You barely miss the killer bee.
The killer bee is moderately wounded.
You feel sick. The killer bee closely misses you.
The killer bee barely misses you.
You miss the killer bee.
The killer bee is moderately wounded.
You feel sick. The killer bee barely misses you.
The killer bee stings you but does no damage.
You slash the killer bee!
The killer bee is almost dead.
You feel sick. The killer bee closely misses you. The killer bee stings you.
* * * LOW HITPOINT WARNING * * *
You closely miss the killer bee.
The killer bee is almost dead.
You feel sick. The killer bee stings you.
You die...

......#.....##.#.####.#
#.#....
#######.......(.......#
#.####. #........(#..######
#.# #. #.......()#..#
#####.####. #♣♣####♣..#..#
#........#. # ♣P..###.#
#######÷####. #.
##♣)P.##..# #..........#.
P♣ #P♣(.###y.#
#.#.<...##.## P♣
♣♣).♣##..@# ##.#####[##.##
#♣P #♣♣)(♣# #.###
#......#.##... #P♣ #♣..♣)#
#<.># ######.#######
#.♣♣#....### ###.# #.#
...♣.♣.♣...#####.# #.#
♣PP♣......♣♣♣.##.########.#
..........♣♣..##..........#
.......[.....♣.######..####
.............P♣♣P#####.#


You could see a killer bee.

Vanquished Creatures
  Edmund (D:6)
  2 phantoms (D:5)
  An ogre (D:6)
  A centaur (D:7)
  A big kobold (D:6)
  5 bullfrogs (D:6)
  Blork the orc (D:4)
  A scorpion (D:5)
  A killer bee (D:7)
  A howler monkey (D:6)
  A crimson imp (D:6)
  3 orc priests
  2 hounds
  3 iguanas
  2 orc wizards
  2 worker ants
  A hound zombie (D:6)
  6 adders
  3 howler monkey skeletons (D:4)
  2 shadow imps (D:5)
  An ooze (D:4)
  4 worms
  An adder skeleton (D:4)
  A dart slug (D:2)
  2 leopard geckos (D:5)
  20 orcs
  A ball python (D:1)
  7 giant cockroaches
  4 goblins
  6 hobgoblins
  8 jackals
  3 bats
  5 frilled lizards
  34 kobolds
  A leopard gecko skeleton (D:5)
  A leopard gecko zombie (D:4)
  9 rats
  7 plants (D:6)
155 creatures vanquished.

Vanquished Creatures (others)
  4 plants (D:6)
4 creatures vanquished.

Grand Total: 159 creatures vanquished

Notes
Turn   | Place    | Note
-------+----------+-------------------------------------------
     0 | Abyss:1  | IceCat the Formicid Abyssal Knight began the quest for the
                  | Orb.
     0 | Abyss:1  | Reached XP level 1. HP: 18/18 MP: 2/2
    32 | Abyss:1  | Found a shimmering altar of Xom.
    51 | Abyss:1  | Found an ornate altar of the Wu Jian Council.
    77 | Abyss:1  | Noticed a water elemental
    83 | D:1      | Escaped the Abyss
   145 | D:1      | Reached XP level 2. HP: 7/24 MP: 3/3
   377 | D:1      | Reached * piety under Lugonu
   509 | D:1      | Reached XP level 3. HP: 26/30 MP: 4/4
  1167 | D:2      | Found a bloodstained altar of Trog.
  1464 | D:2      | Found a glowing silver altar of Zin.
  1668 | D:2      | Reached XP level 4. HP: 24/37 MP: 5/5
  1873 | D:3      | Reached ** piety under Lugonu
  1879 | D:3      | Reached skill level 3 in Axes
  2044 | D:3      | Reached skill level 1 in Dodging
  2088 | D:3      | Reached XP level 5. HP: 27/43 MP: 6/6
  2785 | D:3      | Reached skill level 4 in Axes
  3222 | D:4      | Reached XP level 6. HP: 49/49 MP: 8/8
  3236 | D:4      | Reached *** piety under Lugonu
  3475 | D:4      | Noticed Blork the orc
  3482 | D:4      | Killed Blork the orc
  3482 | D:4      | Reached skill level 5 in Axes
  3564 | D:4      | Reached XP level 7. HP: 50/55 MP: 9/9
  3800 | D:4      | Found a staircase to the Ecumenical Temple.
  3805 | Temple   | Entered the Ecumenical Temple
  4018 | D:5      | Entered Level 5 of the Dungeon
  4311 | D:5      | Reached skill level 6 in Axes
  4477 | D:5      | Found a hazy altar of Hepliaklqana.
  4896 | D:5      | Reached XP level 8. HP: 61/61 MP: 10/10
  4915 | D:5      | Found a basalt altar of Yredelemnul.
  5117 | D:6      | Reached skill level 5 in Fighting
  5251 | D:6      | Found Misyul's Distillery.
  5289 | D:6      | Reached skill level 1 in Throwing
  5291 | D:6      | Bought a potion of degeneration for 13 gold pieces
  5291 | D:6      | Bought a potion of flight for 39 gold pieces
  5324 | D:6      | Found Firarrixy's Antique Armour Boutique.
  5327 | D:6      | Bought a polished ring mail for 252 gold pieces
  5337 | D:6      | Identified the +1 ring mail of Sojal {rElec Regen+} (You
                  | bought it in a shop on level 6 of the Dungeon)
  5391 | D:6      | Found Icoitz's Gadget Shop.
  5441 | D:6      | Reached skill level 7 in Axes
  5527 | D:6      | Reached skill level 5 in Armour
  5529 | D:6      | Found a shadowy altar of Dithmenos.
  5647 | D:6      | Noticed Edmund
  5653 | D:6      | Reached skill level 5 in Invocations
  5653 | D:6      | Reached XP level 9. HP: 68/68 MP: 12/12
  5692 | D:6      | Reached **** piety under Lugonu
  5696 | D:6      | Killed Edmund
  5943 | D:6      | Found Nyj Zics's Armour Emporium.
  5944 | D:6      | Found Sise Ofenuq's Assorted Antiques.
  6140 | D:7      | Reached skill level 8 in Axes
  6240 | D:7      | HP: 3/68 [killer bee (3)]
  6245 | D:6      | HP: 2/68 [poisoned by a killer bee]
  6250 | D:6      | HP: 3/68 [poisoned by a killer bee]
  6393 | D:6      | Slain by a killer bee

Skill      XL: |  1  2  3  4  5  6  7  8  9 |
---------------+----------------------------+-----
Fighting       | 4 5 |  5.4
Axes           | 3 4 5 6 7 8 |  8.1
Dodging        | 1 |  1.6
Armour         | 3 4 5 |  5.3
Invocations    | 3 5 |  5.2
Throwing       | 1 |  1.9

Action                   |  1- 3 |  4- 6 |  7- 9 || total
-------------------------+-------+-------+-------++-------
Melee: Hand axe          |    88 |   175 |   191 ||   454
       War axe           |       |       |   143 ||   143
Throw: Tomahawk          |       |       |     5 ||     5
Invok: Depart the Abyss  |     1 |       |       ||     1
       Bend Space        |       |       |     4 ||     4
  Use: Potion            |       |     3 |       ||     3
       Scroll            |       |       |     1 ||     1
  Eat: Chunk             |     2 |     7 |     9 ||    18
Armor: Leather armour    |    18 |       |       ||    18
       Scale mail        |     6 |    14 |       ||    20
       Chain mail        |       |    62 |    89 ||   151
       Ring mail         |       |    15 |    73 ||    88
Dodge: Dodged            |    51 |    62 |   143 ||   256
